 Dungeon Crawl Stone Soup version 0.31.0-1-g2c135a0 (webtiles) character file.

Game seed: 9620928070899492690

9679 GeorgeSoros the Warrior (level 11, -1/125 (133) HPs)
             Began as an Oni Cinder Acolyte on Feb 17, 2024.
             Was an Elder of Ignis.
             Slain by a chaos spawn (5 damage)
             ... on level 2 of the Abyss on Feb 18, 2024.
             The game lasted 00:42:01 (7404 turns).

GeorgeSoros the Warrior (Oni Cinder Acolyte)        Turns: 7404, Time: 00:42:01

HP:   -1/125 (133)  AC:  4    Str: 22    XL:     11   Next: 50%
MP:   12/18         EV:  9    Int: 23    God:    Ignis [****..]
Gold: 949           SH:  0    Dex:  4    Spells: 12/12 levels left

rFire   + + .        h - +6 Majin-Bo {spellvamp, MP+6 Int+6}
rCold   + . .        (no shield)
rNeg    . . .        q - +0 troll leather armour
rPois   +            (helmet restricted)
rElec   +            (no cloak)
rCorr   +            (gloves unavailable)
SInv    +            (boots unavailable)
Will    +....        (no amulet)
Stlth   +            H - +4 ring of slaying
HPRegen 0.00/turn    d - ring of see invisible
MPRegen 0.16/turn

%: no passive effects
@: about to teleport, resistant, sick, hasted (expiring), drained, very quick
A: large, unfitting armour, horns 1, tough skin 1, double potion healing,
drunken brawling
a: Renounce Religion, Fiery Armour, Foxfire Swarm, Rising Flame


You were on level 2 of the Abyss.
You worshipped Ignis.
Ignis was greatly pleased with you.
You visited 1 branch of the dungeon, and saw 9 of its levels.
You visited the Abyss 1 time.
You also visited: Sewer.

You collected 1114 gold pieces.
You spent 165 gold pieces at shops.

Inventory:

Hand Weapons
 a - a -1 hand axe of flaming
 h - the +6 Majin-Bo (weapon) {spellvamp, MP+6 Int+6}
   (You acquired it in a sewer)

   Int+6:     It affects your intelligence (+6).
   MP+6:      It affects your magic capacity (+6).
 n - a +1 war axe
Missiles
 m - 16 poisoned darts (quivered)
Armour
 b - a +1 robe
 q - a +0 troll leather armour (worn)
Jewellery
 c - a ring of protection from cold
 d - a ring of see invisible (right hand)
 l - a +4 ring of slaying
 u - a +4 ring of protection
 H - a +4 ring of slaying (left hand)
Talismans
 t - a serpent talisman
 y - a flux talisman
Wands
 r - a wand of digging (2)
 B - a wand of quicksilver (8)
 C - a wand of roots (24)
 D - a wand of mindburst (15)
 G - a wand of charming (8)
Scrolls
 p - a scroll of revelation
 s - a scroll of fog
 F - a scroll of teleportation
Potions
 e - 3 potions of haste
 f - 2 potions of might
 g - 2 potions of magic
 i - 3 potions of brilliance
 j - 4 potions of lignification
 k - a potion of resistance
 o - 3 potions of curing
 v - a potion of enlightenment {unknown}
 w - a potion of mutation {unknown}
 x - a potion of berserk rage {unknown}
 z - 3 potions of cancellation {unknown}
 E - 3 potions of attraction {unknown}


   Skills:
 + Level 15.5 Fighting
 - Level 5.1 Axes
 + Level 10.9 Staves
 + Level 4.7 Armour
 - Level 1.2 Spellcasting
 - Level 4.0 Fire Magic


You had 12 spell levels left.
You didn't know any spells.
Your spell library contained the following spells:

 Spells                   Type           Power      Damage    Failure   Level
 Scorch                   Fire           38%        2d6       4%          2
 Ensorcelled Hibernation  Hex/Ice        2%         N/A       24%         2
 Passwall                 Erth           1%         N/A       43%         3
 Swiftness                Air            1%         N/A       43%         3


Dungeon Overview and Level Annotations

Branches:
Dungeon (9/15)             Temple (0/1) D:6            Lair (0/5) D:9
  Sewer (visited)
    Orc: D:9-12

Altars:
Cheibriados
Elyvilon
Fedhas
Nemelex Xobeh
Qazlal
Ru
Sif Muna
Trog
Uskayaw
Wu Jian
Yredelemnul

Shops:
D:1 (   D:5 [[([[   D:7 [*   D:8 [

Annotations:
D:2 1 runed translucent door, Crazy Yiuf
D:8 3 transporters
D:9 Erolcha


Innate Abilities, Weirdness & Mutations

You are too large for most types of armour.
You have a pair of small horns on your head.
You have tough skin. (AC +1)
You gain doubled healing and magic from potions.
Whenever you drink a healing potion, you attack all around you.


Message History

You blink.
Found a corrupted altar of Lugonu.
You feel a little less mighty now.
A chaos spawn comes into view.
The chaos spawn gurgles horribly!
You hear a shout!
A white imp comes into view.
You take a swig of the potion and twirl the +6 Majin-Bo {spellvamp, MP+6 Int+6}.
You sock the neqoxec!
The neqoxec is heavily wounded.
You savour every drop.
You feel better. The neqoxec hits you!
* * * LOW HITPOINT WARNING * * *
You thump the neqoxec!
The neqoxec is almost dead.
The neqoxec gestures at you. Something gnaws on your mind!
* * * LOW HITPOINT WARNING * * *
You feel your power leaking away.
You barely miss the neqoxec.
The neqoxec is almost dead.
Your extra speed is starting to run out.
The neqoxec gestures at you. Something gnaws on your mind!
* * * LOW HITPOINT WARNING * * *
You feel your power leaking away.
You miss the neqoxec. Your headbutt misses the neqoxec.
The neqoxec is almost dead.
You bludgeon the neqoxec!!
You kill the neqoxec!
You closely miss the chaos spawn. You hit the chaos spawn.
The chaos spawn is moderately wounded.
The chaos spawn closely misses you.
You sock the chaos spawn!
The chaos spawn is almost dead.
You closely miss the chaos spawn. Your headbutt misses the chaos spawn.
The chaos spawn is almost dead.
You barely miss the chaos spawn.
The chaos spawn is almost dead.
The chaos spawn kicks you.
You die...

# . # #.###.
. . ~#. #.
## #..# _ ##
. #~# . #. #
. . . ≈~.##
#. # # #. .
##### # .#
.#
##.#.##@#..#
##.. .#
5.4..#4...##
~ . #
#.5.##v#
~.###.##
##v.#..# ..#
## #.#3#...
## #..###.#
#.##..#..#
##. # .#.#
###....###


You could see 2 spatial vortices, a neqoxec, a chaos spawn and a white imp.

Vanquished Creatures
  A two-headed ogre (D:8)
  Pikel (D:8)
  2 large abominations (Abyss:2)
  Maurice (D:9)
  An ugly thing (D:9)
  A manticore (D:9)
  Jeremiah (D:6)
  Psyche (D:8)
  An ancient zyme (Abyss:2)
  Grinder (D:6)
  A raiju (shapeshifter) (Abyss:2)
  Sigmund (D:2)
  2 wyverns
  A ynoxinul (Abyss:2)
  A steam dragon (D:6)
  A neqoxec (Abyss:2)
  Edmund (D:5)
  Duvessa (D:6)
  3 water moccasins
  2 orc warriors (D:9)
  2 ice beasts (D:6)
  2 sky beasts
  A black bear (D:6)
  A hornet zombie (D:6)
  A laughing skull (Abyss:2)
  3 centaurs
  5 ogres
  2 wolves (D:9)
  2 lemures (D:8)
  2 kobold brigands (Sewer)
  2 bullfrogs
  A wyvern zombie (D:6)
  3 necrophages (D:6)
  A small abomination (Abyss:2)
  5 scorpions
  2 gnoll sergeants (D:7)
  Dowan (D:6)
  4 killer bees (D:7)
  2 howler monkeys
  5 orc priests
  3 bombardier beetles (D:6)
  3 jellies
  7 hounds
  2 gnoll boudas
  A sleepcap (D:7)
  5 iguanas
  3 orc wizards
  2 river rats
  5 adders
  11 gnolls (D:7)
  A shadow imp (D:5)
  4 white imps
  10 ufetubi
  2 dart slugs
  3 ribbon worms
  26 orcs
  7 endoplasms
  2 giant cockroaches
  6 hobgoblins
  4 jackals
  11 kobolds
  6 quokkas
  8 ball pythons
  6 bats
  A frilled lizard (D:2)
  8 goblins
  11 rats
230 creatures vanquished.

Vanquished Creatures (others)
  35 foxfires
35 creatures vanquished.

Grand Total: 265 creatures vanquished

Notes
Turn   | Place    | Note
-------+----------+-------------------------------------------
     0 | D:1      | GeorgeSoros the Oni Cinder Acolyte began the quest for the
                  | Orb.
     0 | D:1      | Reached XP level 1. HP: 24/24 MP: 2/2
   413 | D:1      | Found Ameogir's Weapon Boutique.
   419 | D:1      | Reached XP level 2. HP: 30/32 MP: 3/3
   670 | D:2      | Noticed Sigmund
   851 | D:2      | Found a faded altar of an unknown god.
   873 | D:2      | Reached XP level 3. HP: 33/40 MP: 4/4
  1271 | D:2      | Found a runed translucent door.
  1272 | D:2      | Noticed Crazy Yiuf
  1400 | D:2      | Killed Sigmund
  1401 | D:2      | Reached skill level 5 in Fighting
  1401 | D:2      | Reached XP level 4. HP: 49/52 MP: 5/5
  1401 | D:2      | Reached XP level 5. HP: 55/59 MP: 6/6
  1666 | D:3      | Reached skill level 6 in Fighting
  1666 | D:3      | Reached XP level 6. HP: 63/67 MP: 7/7
  1707 | D:3      | Found a stormy altar of Qazlal.
  2047 | D:3      | Found a white marble altar of Elyvilon.
  2200 | D:4      | Found a glowing drain.
  2228 | Sewer    | Entered a sewer
  2548 | Sewer    | Reached skill level 5 in Axes
  2597 | Sewer    | Identified a scroll of acquirement
  2597 | Sewer    | Acquired the +6 Majin-Bo {spellvamp, MP+6 Int+6}
  2597 | Sewer    | Found the +6 Majin-Bo {spellvamp, MP+6 Int+6}
  2689 | Sewer    | Reached skill level 7 in Fighting
  2932 | D:4      | Found a hide-covered altar of Uskayaw.
  2959 | D:4      | Reached XP level 7. HP: 73/78 MP: 8/8
  3043 | D:4      | Reached skill level 1 in Staves
  3298 | D:4      | Found a sparkling altar of Nemelex Xobeh.
  3301 | D:4      | Found a snail-covered altar of Cheibriados.
  3398 | D:4      | Found a bloodstained altar of Trog.
  3429 | D:4      | Found a sacrificial altar of Ru.
  3432 | D:4      | Found a basalt altar of Yredelemnul.
  3682 | D:4      | Found an ornate altar of the Wu Jian Council.
  3729 | D:5      | Entered Level 5 of the Dungeon
  3729 | D:5      | Found Utze's Armour Shoppe.
  3735 | D:5      | Bought a +0 troll leather armour for 165 gold pieces
  3768 | D:5      | Found Omuril's Armour Emporium.
  3776 | D:5      | You fall into a shaft and drop 2 floors!
  3819 | D:6      | Reached skill level 8 in Fighting
  3919 | D:5      | Found Tily's Antique Weapon Emporium.
  3973 | D:5      | Noticed Edmund
  3977 | D:5      | Killed Edmund
  3978 | D:5      | Reached XP level 8. HP: 79/89 MP: 9/9
  4029 | D:5      | Found Neicva's Antique Armour Boutique.
  4032 | D:5      | Found Leguh's Armour Shoppe.
  4046 | D:5      | Reached skill level 9 in Fighting
  4280 | D:6      | Noticed Jeremiah
  4290 | D:6      | Noticed Grinder
  4307 | D:6      | Killed Jeremiah
  4308 | D:6      | Reached skill level 10 in Fighting
  4308 | D:6      | Reached skill level 5 in Staves
  4367 | D:6      | Noticed Duvessa
  4378 | D:5      | Reached XP level 9. HP: 102/102 MP: 10/10
  4398 | D:6      | Noticed Dowan
  4401 | D:6      | Killed Duvessa
  4409 | D:6      | Killed Dowan
  4410 | D:6      | Reached skill level 11 in Fighting
  4487 | D:6      | Acquired 541 gold pieces
  4535 | D:6      | Killed Grinder
  4536 | D:6      | Reached skill level 12 in Fighting
  4642 | D:6      | Found a staircase to the Ecumenical Temple.
  4830 | D:6      | Reached XP level 10. HP: 118/118 MP: 11/11
  4892 | D:6      | Reached skill level 13 in Fighting
  5012 | D:6      | Found a blossoming altar of Fedhas.
  5271 | D:7      | Found Ujezxy's General Store.
  5588 | D:7      | Found Luddef's Armour Shoppe.
  5787 | D:7      | Found a shimmering blue altar of Sif Muna.
  5953 | D:8      | Found Soutipol's Antique Armour Shop.
  6174 | D:8      | Noticed Psyche
  6181 | D:8      | Killed Psyche
  6182 | D:8      | Reached skill level 14 in Fighting
  6260 | D:8      | Found a transporter.
  6264 | D:8      | Found a transporter.
  6265 | D:8      | Found a transporter.
  6302 | D:8      | Noticed Pikel
  6317 | D:8      | Killed Pikel
  6318 | D:8      | Reached skill level 1 in Armour
  6380 | D:8      | Noticed a two-headed ogre
  6386 | D:8      | Killed a two-headed ogre
  6387 | D:8      | Reached skill level 10 in Staves
  6688 | D:8      | Found a transporter.
  6916 | D:9      | Noticed a manticore
  6916 | D:9      | Noticed a white ugly thing
  6923 | D:9      | Killed a manticore
  6924 | D:9      | Reached XP level 11. HP: 104/131 MP: 12/12
  6927 | D:9      | Killed a white ugly thing
  7023 | D:9      | Noticed Maurice
  7046 | D:9      | Reached skill level 15 in Fighting
  7052 | D:9      | Maurice stole a +4 ring of protection
  7054 | D:9      | Killed Maurice
  7103 | D:9      | Found a staircase to the Lair.
  7117 | D:9      | Noticed Erolcha
  7133 | Abyss:2  | Cast into level 2 of the Abyss (Erolcha)
  7193 | Abyss:2  | Noticed a large abomination
  7202 | Abyss:2  | Killed a large abomination
  7328 | Abyss:2  | Noticed a large abomination
  7340 | Abyss:2  | Killed a large abomination
  7374 | Abyss:2  | Noticed a spatial maelstrom
  7388 | Abyss:2  | HP: 4/124 [spatial maelstrom (8)]
  7391 | Abyss:2  | Found a corrupted altar of Lugonu.
  7397 | Abyss:2  | HP: 4/124 [neqoxec/psychic fangs (5)]
  7404 | Abyss:2  | Slain by a chaos spawn

Illustrated notes

Levels and vault maps discovered:
D:1:      mrwooster_arrival_statue_2, layout_rooms, serial_shops, shop,
          minivault_24
D:2:      layout_basic, ebering_ecumenical_altar_hall,
          hangedman_decor_clover_reticule, uniq_crazy_yiuf_cottage, uniq_sigmund
D:3:      layout_rooms, grunt_qazlal_clouds, lemuel_tele_altar
D:4:      layout_basic, marbit_many_paths, lemuel_crystal_altar,
          nzn_wu_jian_council_hall, minitemple, gup_sewer_entry_bowl
D:5:      layout_basic, serial_shops, nicolae_diamond_shop,
          nicolae_shop_temple_entry_statues_fountains,
          nicolae_shop_overgrown_old_shop, nicolae_shop_waterfront, shop,
          uniq_edmund
D:6:      minmay_bubble_buster, layout_cave_pools, fedhas_altar_decomposition,
          minmay_temple_entry_purple_smoke, minmay_alternating_orb,
          uniq_jeremiah, uniq_grinder, uniq_duvessa
D:7:      layout_cave_pools, hellmonk_sif_muna_bookshelves, serial_shops, shop,
          serial_gnoll_camp, gnoll_camp_huts_basic, gnoll_camp_mini_hut,
          gnoll_camp_mini_shop, gnoll_camp_mini_hut
D:8:      layout_cave_pods, serial_shops, shop, nicolae_transporter_circle,
          uniq_psyche, uniq_pikel
D:9:      layout_stronghold, bloody_makhleb, zin_treasury,
          erik_lair_orcish_takeover, chequers_serial_rivers_small_a,
          minivault_20, uniq_erolcha, uniq_maurice
Abyss:2:  base: D:9, evilmike_abyss_exit_15

Skill      XL: |  1  2  3  4  5  6  7  8  9 10 11 |
---------------+----------------------------------+-----
Fire Magic     | 3 4 |  4.0
Fighting       | 5 6 7 8 10 12 14 15 | 15.5
Axes           | 4 5 |  5.1
Staves         | 3 6 8 10 | 10.9
Armour         | 3 4 |  4.7
Spellcasting   | |  1.2

Action                     |  1- 3 |  4- 6 |  7- 9 | 10-12 || total
---------------------------+-------+-------+-------+-------++-------
  Melee: Hand axe          |    60 |       |       |       ||    60
         Headbutt          |     8 |     4 |    30 |    45 ||    87
         War axe           |    27 |    68 |       |       ||    95
         Punch             |     1 |     1 |       |     1 ||     3
         Bo                |       |    21 |   170 |   239 ||   430
  Throw: Dart              |     5 |     3 |       |       ||     8
 Invoke: Foxfire Swarm     |     1 |       |     2 |       ||     3
    Use: Scroll            |     5 |     7 |     8 |     2 ||    22
         Potion            |       |       |     2 |     7 ||     9
 Armour: Robe              |    50 |    56 |    10 |       ||   116
         Troll leather arm |       |       |   123 |   154 ||   277
  Dodge: Dodged            |    35 |    33 |    75 |    75 ||   218
